 Dungeon Crawl Stone Soup version 0.17.1-1-g73c8601 (webtiles) character file.

47 stupendous the Covered (level 3, -1/30 HPs)
             Began as a Formicid Fighter on Mar 24, 2016.
             Slain by a goblin
             ... wielding a +0 club
             ... led by Robin
              (3 damage)
             ... on level 2 of the Dungeon.
             The game lasted 00:01:56 (1031 turns).

stupendous the Covered (Formicid Fighter)           Turns: 1031, Time: 00:01:56

Health: -1/30      AC: 10    Str: 21    XL:     3   Next: 97%
Magic:  3/3        EV:  8    Int:  7    God:
Gold:   87         SH:  9    Dex: 10    Spells: 0 memorised, 2 levels left

rFire  . . .     SeeInvis +     a - +0 long sword
rCold  . . .     Clarity  .     b - +0 scale mail
rNeg   . . .     SustAt   .     c - +0 shield
rPois  .         Gourm    .     (helmet unavailable)
rElec  .         Spirit   .     (no cloak)
rCorr  .         Warding  .     (no gloves)
rMut   .         Stasis   +     r - +2 pair of boots
MR     .....                    (no amulet)
Stlth  ..........               (no ring)
                                (no ring)

@: not resistant to hostile enchantments, extremely unstealthy
A: permanent stasis, dig shafts and tunnels, four strong arms, antennae 3
a: Dig, Shaft Self


You were on level 2 of the Dungeon.
You were hungry.

You visited 1 branch of the dungeon, and saw 2 of its levels.

You collected 87 gold pieces.

Inventory:

Hand Weapons
 a - a +0 long sword (weapon)
Armour
 b - a +0 scale mail (worn)
 c - a +0 shield (worn)
 r - a +2 pair of boots (worn)
Scrolls
 f - a scroll of teleportation {unknown}
 k - a scroll of random uselessness {unknown}
 p - 3 scrolls of magic mapping {unknown}
 q - a scroll of immolation {unknown}
Potions
 d - a potion of might
 g - 4 potions of curing {unknown}
 h - 2 potions of degeneration {unknown}
 j - a potion of brilliance {unknown}
 l - 2 potions of ambrosia {unknown}
 o - 2 potions of mutation {unknown}
Comestibles
 e - 3 bread rations
 i - a beef jerky
 m - a slice of pizza
 n - 2 meat rations


   Skills:
 + Level 3.8 Fighting
 + Level 2.3 Long Blades
 + Level 4.0 Armour
 + Level 4.0 Shields


You had 2 spell levels left.
You didn't know any spells.

Dungeon Overview and Level Annotations

Branches:
Dungeon (2/15)

Altars:

Annotations:
D:2 Robin


Innate Abilities, Weirdness & Mutations

You are under a permanent stasis effect.
You can dig through walls and to a lower floor.
Your four strong arms can wield two-handed weapons with a shield.
You have a pair of large antennae on your head (SInv).


Message History

Your shield prevents you from hitting the hobgoblin.
Robin says, "Bow before me, strongest of all the hobgoblins!"
You block the goblin's attack. The hobgoblin closely misses you.
You barely miss the goblin. The goblin hits you but does no damage.
The hobgoblin hits you but does no damage.
You barely miss the goblin. The goblin hits you but does no damage.
The hobgoblin barely misses you.
Robin roars a battlecry!
The goblins go into a battle-frenzy!
You closely miss the goblin. The goblin closely misses you.
The hobgoblin barely misses you. You block the goblin's attack.
You closely miss the goblin. The hobgoblin hits you with a club.
* * * LOW HITPOINT WARNING * * *
The goblin hits you with a club.
* * * LOW HITPOINT WARNING * * *
You block the hobgoblin's attack.
You closely miss the goblin. You block the goblin's attack.
The hobgoblin closely misses you.
You barely miss the goblin. The goblin hits you with a club.
You die...

..###### ##..#
......# ##.##
#†.##.# #..#
##.##.## ##.# #
..#..# #.## #....
#..# # ##.##
##.###
#####.†###.#
#..g#
.##........#
###@# #####
....##...###
#g##..... #..##
##.# #Kg......
##.... #
#g....... ####.#
#)....... ..
##.......> #.#
##.........
#...###..........
#......(........


You could see Robin, 2 hobgoblins, a goblin (frenzied) and a kobold.

Vanquished Creatures
  An adder (D:2)
  6 bats
  14 goblins
  7 hobgoblins
  A kobold (D:1)
  2 giant newts (D:1)
  3 rats (D:1)
34 creatures vanquished.

Notes
Turn   | Place    | Note
--------------------------------------------------------------
     0 | D:1      | stupendous the Formicid Fighter began the quest for the Orb.
     0 | D:1      | Reached XP level 1. HP: 18/18 MP: 1/1
   201 | D:1      | Reached XP level 2. HP: 24/24 MP: 2/2
   848 | D:2      | Reached skill level 4 in Armour
   848 | D:2      | Reached XP level 3. HP: 19/29 MP: 3/3
  1000 | D:2      | Noticed Robin
  1031 | D:2      | Slain by a goblin

Action                   || total
-------------------------++-------
Melee: Long sword        ||   126
